AoeStats
← Turmoil Yeti

Four Lakes

509181521Analyzed
1v1 RM · 5d ago on Sep 25, 2026· 57m 1s· 2 players
Game mode
Random Map
Map size
Tiny (2 player)
Population
200
Speed
Normal
Resources
Standard
Victory
Conquest
Starting age
Dark Age
Ending age
Imperial Age
RankedLock teamsTeams togetherTeam positionsShared explorationLock speedFull tech treeHidden civsTurbo modeCheats
Victory
Defeat
🇺🇸 Bulgarians · United States
622
+17
🇹🇷 Maya · Türkiye
637
-17
Turmoil Yeti
12:10 Feudal Age
14:18 Horse Collar
14:26 Double-Bit Axe
16:34 Fishing Lines
20:08 Wheelbarrow
20:56 Loom
23:28 Castle Age
25:50 Heavy Plow
26:06 Padded Archer Armor
26:07 Scale Mail Armor
26:27 Gambesons
26:39 Fletching
26:59 Forging
29:00 Elite Skirmisher
31:42 Bodkin Arrow
32:57 Bow Saw
32:40 Gold Mining
33:47 Leather Archer Armor
34:08 Thumb Ring
38:29 Stirrups
41:39 Hand Cart
44:37 Imperial Age
42:51 Scale Barding Armor
43:22 Iron Casting
43:49 Gillnets
45:34 Chain Barding Armor
45:32 Chain Mail Armor
45:43 Conscription
45:48 Bracer
46:49 Blast Furnace
46:25 Plate Barding Armor
47:43 Chemistry
46:58 Masonry
47:43 Ballistics
48:20 Arson
48:36 Squires
48:21 Elite Konnik
49:01 Town Watch
49:55 Capped Ram
51:25 Plate Mail Armor
51:03 Murder Holes
51:39 Architecture
51:38 Siege Ram
Nerona Imu
10:46 Feudal Age
11:13 Loom
11:57 Double-Bit Axe
11:54 Horse Collar
12:10 Gold Mining
18:23 Castle Age
17:35 Fletching
18:23 Padded Archer Armor
23:22 Bodkin Arrow
24:19 Leather Archer Armor
26:26 Ballistics
27:13 Crossbowman
28:18 Thumb Ring
36:15 Imperial Age
37:07 Bracer
37:37 Ring Archer Armor
39:13 Arbalester
43:21 Stone Mining
45:47 Wheelbarrow
48:25 Scale Mail Armor
47:53 Pikeman
48:34 Squires
50:12 Chain Mail Armor
55:24 Chemistry
Connection lost

Rejoining the realm…

Still unreachable

The connection could not be restored.

Session expired

The server has moved on; the page needs a fresh start.